AoeStats
← sakshamkumar.1997

Northern Isles

510419174Analyzed
1v1 RM · 2d ago on Sep 30, 2026· 50m 23s· 2 players
Game mode
Random Map
Map size
Tiny (2 player)
Population
200
Speed
Normal
Resources
Standard
Victory
Conquest
Starting age
Dark Age
Ending age
Imperial Age
RankedLock teamsTeams togetherTeam positionsShared explorationLock speedFull tech treeHidden civsTurbo modeCheats
Victory
Defeat
🇺🇸 Huns · United States
804
+15
🇺🇸 Varangians · United States
775
-15
sakshamkumar.1997
11:56 Feudal Age
10:12 Loom
15:15 Wheelbarrow
14:26 Double-Bit Axe
17:35 Fishing Lines
18:17 Bloodlines
22:42 Castle Age
20:29 Town Watch
21:37 Gold Mining
25:26 Medium Warships
25:08 Gillnets
25:47 Husbandry
26:01 Stone Mining
27:56 Fletching
28:13 Padded Archer Armor
28:24 Forging
28:54 Scale Barding Armor
32:38 Stone Shaft Mining
40:34 Imperial Age
43:04 Bow Saw
42:22 Elite Longship
45:25 Chemistry
44:45 Ballistics
45:47 Bodkin Arrow
48:30 Siege Engineers
48:19 Heated Shot
Spazjackal
11:45 Feudal Age
10:03 Loom
12:36 Double-Bit Axe
14:31 Wheelbarrow
16:20 Gold Mining
16:12 Horse Collar
16:37 Stone Mining
17:28 Town Watch
20:42 Castle Age
21:52 Medium Warships
22:21 Bow Saw
24:22 Hand Cart
24:11 Light Cavalry
26:41 Gold Shaft Mining
26:08 Heavy Plow
27:07 Fletching
27:50 Bodkin Arrow
29:53 Padded Archer Armor
30:07 Bloodlines
36:07 Imperial Age
33:52 Forging
33:48 Scale Barding Armor
34:00 Masonry
33:45 Murder Holes
36:17 Leather Archer Armor
37:02 Ballistics
37:04 Town Patrol
37:44 Bracer
38:05 Chain Barding Armor
38:21 Iron Casting
38:15 Parthian Tactics
38:00 Thumb Ring
39:41 Heavy Warships
39:53 Heavy Warships
41:21 Chemistry
43:32 Blast Furnace
43:08 Plate Barding Armor
41:56 Heavy Cavalry Archer
42:47 Husbandry
46:14 Two-Man Saw
Connection lost

Rejoining the realm…

Still unreachable

The connection could not be restored.

Session expired

The server has moved on; the page needs a fresh start.